 Dungeon Sprint DCSS version 0.26-a0-663-g36e8fdb655 (webtiles) character file.

Game seed: 9119374118099348628

287894 olmar the Severer (level 13, 48/128 HPs)
             Began as a Hill Orc Fighter on Oct 12, 2020.
             Was an Initiate of Gozag.
             Escaped with the Orb!
             The game lasted 00:21:22 (10229 turns).

olmar the Severer (Hill Orc Fighter)               Turns: 10229, Time: 00:21:22

Health: 48/128     AC: 24    Str: 25    XL:     13   Next: 73%
Magic:  13/13      EV: 11    Int: 10    God:    Gozag
Gold:   695        SH: 15    Dex: 19    Spells: 12/12 levels left

rFire    + . .     SeeInvis +   F - +10 mace "Cefan" {vorpal, rF- Dex+5}
rCold    . . .     Faith    .   I - +1 buckler {rF+}
rNeg     . . .     Spirit   .   J - +6 faerie dragon scales {rCorr Stlth+}
rPois    .         Reflect  +   b - +0 helmet {SInv}
rElec    .         Harm     .   x - scarf {repulsion}
rCorr    +         Rampage  +   B - +2 pair of gloves of Guykut {rF+ rCorr Str+5 Int+2}
MR       +....     NoTele   +   E - +0 pair of boots {rampage}
Stlth    +.........             l - amulet "Ofasehic" {Reflect MR+ Str-4 Dex+4 Slay+3 SH+5}
HPRegen  0.31/turn              m - ring of see invisible
MPRegen  0.13/turn              (no ring)

@: hasted, repel missiles, very quick
A: no striking features
0: Orb of Zot
a: Potion Petition, Call Merchant, Bribe Branch, Renounce Religion


You escaped.
You worshipped Gozag.
Gozag was pleased with you.
You visited 1 branch You collected 6653 gold pieces.
You spent 3428 gold pieces at shops.
You paid 2530 gold pieces to Gozag.

Inventory:

Hand Weapons
 a - a +0 war axe
 w - the +8 longbow "Zephyr" {speed, Dex+3 SInv}
   (You found it in the Dungeon)

   Attacks with this weapon are significantly faster.
   It affects your dexterity (+3).
   It lets you see invisible.
 y - the +8 storm bow {elec, penet}
   (You took it off a spriggan in the Dungeon)

   It charges the ammunition it shoots with electricity; occasionally upon a
   hit, such missiles may discharge and cause terrible harm.
   Ammo fired by it will pass through the targets it hits, potentially hitting
   all targets in its path until it reaches maximum range.
 C - a +1 vampiric broad axe
 F - the +10 mace "Cefan" (weapon) {vorpal, rF- Dex+5}
   (You bought it in a shop in the Dungeon)

   It inflicts extra damage upon your enemies.
   It affects your dexterity (+5).
   It makes you vulnerable to fire.
Armour
 b - a +0 helmet of see invisible (worn)
 c - a +0 kite shield
 d - the +4 chain mail "Luolauze" {*Corrode +Blink rF+ rC++}
   (You found it in the Dungeon)

   It protects you from fire.
   It greatly protects you from cold.
   It lets you blink.
   It may corrode you when you take damage.
 x - a scarf of repulsion (worn)
 B - the +2 pair of gloves of Guykut (worn) {rF+ rCorr Str+5 Int+2}
   (You bought it in a shop in the Dungeon)

   It affects your strength (+5).
   It affects your intelligence (+2).
   It protects you from fire.
   It provides partial protection from all sources of acid and corrosion.
 E - a +0 pair of boots of rampaging (worn)
 I - a +1 buckler of fire resistance (worn)
 J - the +6 faerie dragon scales (worn) {rCorr Stlth+}
   (You took it off the Enchantress in the Dungeon)

   It provides partial protection from all sources of acid and corrosion.
   It makes you more stealthy.
Jewellery
 k - the amulet of invisibility {+Inv}
   (You found it in the Dungeon)

   [amulet of nothing]

   It lets you turn invisible.
 l - the amulet "Ofasehic" (around neck) {Reflect MR+ Str-4 Dex+4 Slay+3 SH+5}
   (You took it off a spriggan berserker in the Dungeon)

   [amulet of reflection]

   It shields you and reflects attacks.
   It affects your strength (-4).
   It affects your dexterity (+4).
   It affects your accuracy and damage with ranged weapons and melee attacks
   (+3).
   It affects your resistance to hostile enchantments.
   It affects your SH (+5).
 m - a ring of see invisible (left hand)
Wands
 i - a wand of polymorph (6)
 r - a wand of enslavement (1)
Scrolls
 n - a scroll of enchant weapon
 o - a scroll of fog
 p - a scroll of amnesia
 q - a scroll of magic mapping
 s - a scroll of enchant armour
 t - a scroll of random uselessness
 v - a scroll of identify
 G - a scroll of immolation
Potions
 h - 2 potions of magic
 u - a potion of mutation
 z - a potion of stabbing
 D - a potion of brilliance
Miscellaneous
 f - a lightning rod (4/4)
 g - a box of beasts (inert)
 H - a box of beasts (inert)


   Skills:
 + Level 15.7 Fighting
 - Level 18.5(19.8) Axes
 + Level 11.2(14.8) Maces & Flails
 + Level 18.3 Armour
 - Level 2.0 Stealth
 + Level 16.4 Shields
 + Level 16.6 Evocations


You had 12 spell levels left.
You didn't know any spells.
Your spell library contained the following spells:

 Spells                   Type           Power        Failure   Level
 Confusing Touch          Hex            #.......     77%         3
 Gell's Gravitas          Tloc           #.........   77%         3
 Petrify                  Tmut/Erth      #.......     99%         4
 Metabolic Englaciation   Hex/Ice        #.........   100%        5
 Yara's Violent Unravell  Hex/Tmut       #.........   100%        5


Dungeon Overview and Level Annotations

Branches:
Dungeon (1/1)

Altars:
Cheibriados
Dithmenos
Elyvilon
Gozag
Hepliaklqana
Kikubaaqudgha
Makhleb
Nemelex Xobeh
Okawaru
Qazlal
Ru
Sif Muna
Trog
Uskayaw
Vehumet
Wu Jian
Xom
Yredelemnul
Zin
The Shining One
Beogh
Jiyva
Lugonu

Shops:
D !(*::*??}[::(}**[(??(


Message History

You feel yourself speed up.
You feel much better.
The quicksilver dragon bites you but does no damage.
You block the quicksilver dragon's attack.
Evoke which item? (* to show all) (? for menu, Esc to quit)
Aiming: Enslavement
Press: ? - help, Shift-Dir - straight line, f - quicksilver dragon
Aim: a quicksilver dragon (summoned, catching its breath, chance to defeat MR: 1%)
Okay, then.
Evoke which item? (* to show all) (? for menu, Esc to quit)
Okay, then.
Press: ? - help, v - describe, . - travel
Here: a quicksilver dragon (summoned, catching its breath)
The floor, spattered with blood.
The quicksilver dragon breathes dispelling energy at you.
The bolt of dispelling energy misses you.
There is an open door here.
You close the door.
There is an open door here.
There is a staircase leading out of the dungeon here.
You have escaped!

##################
#@...#.....#.....#
#PP..'.(...+D#.(.'
#PP..#.....#.#...#
###############D##
#...♣....4..D'...#
#....[.♣..&..#...#
#.....♣..♣D.######
##'####'######..'§
#..#....8D......#♣


There were no monsters in sight!

Vanquished Creatures
  the Enchantress (D)
  Agnes (D)
  A ghost moth (D)
  2 spriggan defenders (D)
  3 shambling mangroves (D)
  5 spriggan berserkers (D)
  3 spriggan druids (D)
  14 oklob plants (D)
  A moth of wrath (D)
  3 burning bushes (D)
  4 demonic crawlers (D)
  2 queen bees (D)
  12 hornets (D)
  4 wandering mushrooms (D)
  2 scorpions (D)
  A ballistomycete (D)
  4 killer bees (D)
  4 oklob saplings (D)
  2 worker ants (D)
  11 spriggans (D)
  A river rat (D)
  A rat (D)
  A ballistomycete spore (D)
83 creatures vanquished.

Vanquished Creatures (collateral kills)
  A Tzitzimitl (D)
  A Brimstone Fiend (D)
  An eldritch tentacle (D)
  A ghost moth (D)
  4 spriggan defenders (D)
  A spriggan druid (D)
  7 oklob plants (D)
  2 moths of wrath (D)
  2 hornets (D)
  A bush (D)
21 creatures vanquished.

Vanquished Creatures (others)
  A ballistomycete spore (D)
  3 bushes (D)
  8 fungi (D)
12 creatures vanquished.

Grand Total: 116 creatures vanquished

Notes
Turn   | Place    | Note
-------+----------+-------------------------------------------
     0 | D        | olmar the Hill Orc Fighter began the quest for the Orb.
     0 | D        | Reached XP level 1. HP: 19/19 MP: 1/1
    17 | D        | Reached XP level 2. HP: 19/28 MP: 2/2
   140 | D        | Noticed an oklob sapling
   141 | D        | Killed an oklob sapling
   141 | D        | Reached skill level 5 in Fighting
   141 | D        | Reached skill level 5 in Armour
   141 | D        | Reached XP level 3. HP: 36/36 MP: 3/3
   144 | D        | Found the amulet of invisibility {+Inv}
   147 | D        | Reached skill level 5 in Shields
   147 | D        | Reached XP level 4. HP: 35/44 MP: 4/4
   251 | D        | Reached skill level 5 in Axes
   268 | D        | Found an opulent altar of Gozag.
   268 | D        | Found a hazy altar of Hepliaklqana.
   268 | D        | Found a roughly hewn altar of Beogh.
   268 | D        | Found a snail-covered altar of Cheibriados.
   269 | D        | Found a viscous altar of Jiyva.
   269 | D        | Found a burning altar of Makhleb.
   269 | D        | Found a sparkling altar of Nemelex Xobeh.
   269 | D        | Found a sacrificial altar of Ru.
   269 | D        | Found a shimmering blue altar of Sif Muna.
   269 | D        | Found a bloodstained altar of Trog.
   269 | D        | Found an ornate altar of the Wu Jian Council.
   269 | D        | Found a shimmering altar of Xom.
   269 | D        | Found a basalt altar of Yredelemnul.
   269 | D        | Noticed an oklob sapling priest
   270 | D        | Found an iron altar of Okawaru.
   270 | D        | Found a shadowy altar of Dithmenos.
   270 | D        | Found a glowing silver altar of Zin.
   271 | D        | Found an ancient bone altar of Kikubaaqudgha.
   271 | D        | Found a hide-covered altar of Uskayaw.
   272 | D        | Found a stormy altar of Qazlal.
   272 | D        | Found a white marble altar of Elyvilon.
   272 | D        | Found a glowing golden altar of the Shining One.
   273 | D        | Found a corrupted altar of Lugonu.
   273 | D        | Found a radiant altar of Vehumet.
   280 | D        | Killed an oklob sapling priest
   280 | D        | Reached skill level 1 in Stealth
   280 | D        | Reached skill level 1 in Evocations
   280 | D        | Reached XP level 5. HP: 41/51 MP: 3/5
   284 | D        | Became a worshipper of Gozag Ym Sagoz the Greedy
   505 | D        | Reached XP level 6. HP: 50/61 MP: 6/6
   523 | D        | Found Xeozin's General Store.
   523 | D        | Found Jigimal's Gadget Emporium.
   561 | D        | Noticed a burning bush
   561 | D        | Noticed a wandering mushroom
   726 | D        | Noticed a wandering mushroom
   744 | D        | Killed a wandering mushroom
   744 | D        | Reached XP level 7. HP: 48/69 MP: 7/7
   934 | D        | Killed a wandering mushroom
   934 | D        | Reached skill level 10 in Axes
  1022 | D        | Killed a burning bush
  1022 | D        | Reached skill level 10 in Armour
  1022 | D        | Reached skill level 5 in Evocations
  1030 | D        | Found Ehiel's Magic Scroll Emporium.
  1030 | D        | Found Beegofu's Weapon Shoppe.
  1036 | D        | Bought a scroll of fog for 20 gold pieces
  1045 | D        | Bought a scroll of fear for 45 gold pieces
  1046 | D        | Bought a wand of paralysis (4) for 66 gold pieces
  1941 | D        | Noticed a queen bee
  1954 | D        | Reached XP level 8. HP: 77/78 MP: 8/8
  1966 | D        | Killed a queen bee
  2179 | D        | Bought a wand of polymorph (8) for 110 gold pieces
  2214 | D        | Noticed an oklob plant
  2224 | D        | Killed an oklob plant
  2224 | D        | Reached skill level 10 in Fighting
  2240 | D        | Noticed a burning bush
  2251 | D        | Killed a burning bush
  2251 | D        | Reached XP level 9. HP: 72/86 MP: 9/9
  2310 | D        | Noticed a burning bush
  2310 | D        | Noticed an oklob plant
  2472 | D        | Noticed a wandering mushroom
  2716 | D        | Noticed a shambling mangrove
  2716 | D        | an oklob plant changed into a shambling mangrove
  2740 | D        | Killed a shambling mangrove
  2740 | D        | Reached skill level 15 in Axes
  3114 | D        | Killed a burning bush
  3127 | D        | Got a faintly glowing chain mail
  3128 | D        | Identified the +4 chain mail "Luolauze" {*Corrode +Blink
                  | rF+ rC++} (You found it in the Dungeon)
  3275 | D        | Bought a lightning rod (4/4) for 440 gold pieces
  3275 | D        | Bought a wand of random effects (11) for 71 gold pieces
  3275 | D        | Bought a wand of disintegration (15) for 209 gold pieces
  3284 | D        | Bought a scroll of enchant weapon for 75 gold pieces
  3284 | D        | Bought a scroll of magic mapping for 35 gold pieces
  3284 | D        | Bought a scroll of enchant armour for 75 gold pieces
  3284 | D        | Bought a scroll of random uselessness for 10 gold pieces
  3294 | D        | Bought a potion of mutation for 104 gold pieces
  3294 | D        | Bought a scroll of identify for 26 gold pieces
  4052 | D        | Noticed a spriggan druid
  4057 | D        | Noticed a queen bee
  4065 | D        | Killed a spriggan druid
  4065 | D        | Reached XP level 10. HP: 97/97 MP: 10/10
  4065 | D        | Noticed a moth of wrath
  4069 | D        | Reached skill level 10 in Shields
  4078 | D        | Killed a moth of wrath
  4318 | D        | Noticed an oklob plant conjurer
  4616 | D        | Killed an oklob plant conjurer
  4778 | D        | Noticed an oklob plant
  4882 | D        | Noticed Agnes
  4892 | D        | Killed Agnes
  5398 | D        | Found Baakele's Assorted Antiques.
  5398 | D        | Noticed a spriggan berserker
  5404 | D        | Noticed a death yak
  5406 | D        | Killed a spriggan berserker
  5406 | D        | Reached XP level 11. HP: 90/106 MP: 11/11
  5467 | D        | Found Fettaq's Antique Armour Shoppe.
  5468 | D        | Noticed a spriggan defender
  5470 | D        | Found the +8 longbow "Zephyr" {speed, Dex+3 SInv}
  5476 | D        | Killed a spriggan defender
  5476 | D        | Reached skill level 15 in Armour
  5554 | D        | Bought an embroidered scarf for 192 gold pieces
  5554 | D        | Bought a green potion for 21 gold pieces
  5554 | D        | Bought a viscous grey potion for 21 gold pieces
  5554 | D        | Bought a scroll of identify for 48 gold pieces
  5559 | D        | Bought a runed helmet for 120 gold pieces
  5724 | D        | Reached skill level 10 in Evocations
  5961 | D        | Noticed a spriggan rider
  6184 | D        | Noticed a spriggan rider
  6187 | D        | Identified the amulet "Ofasehic" {Reflect MR+ Str-4 Dex+4
                  | Slay+3 SH+5}
  6187 | D        | Noticed a spriggan berserker
  6200 | D        | Killed a spriggan berserker
  6541 | D        | Noticed a ghost moth
  6546 | D        | Found Icloe's Assorted Antiques.
  6546 | D        | Found Witridis's Antique Weapon Boutique.
  6546 | D        | Found Huic Ese's Distillery.
  6561 | D        | Bought a pair of transparent gloves for 275 gold pieces
  6561 | D        | Identified the +2 pair of gloves of Guykut {rF+ rCorr Str+5
                  | Int+2} (You bought it in a shop in the Dungeon)
  6568 | D        | Bought a glowing broad axe for 175 gold pieces
  6569 | D        | Bought a potion of brilliance for 48 gold pieces
  6572 | D        | Bought a pair of runed boots for 217 gold pieces
  6625 | D        | Killed a ghost moth
  6818 | D        | Noticed an oklob plant shifter
  6818 | D        | Noticed an oklob plant meteorologist
  6868 | D        | Noticed an oklob plant shifter
  6868 | D        | Noticed an oklob plant summoner
  6879 | D        | Killed an oklob plant
  7253 | D        | an oklob plant meteorologist changed into a wandering
                  | mushroom
  7294 | D        | Killed an oklob plant shifter
  7470 | D        | Killed an oklob plant summoner
  7476 | D        | Killed an oklob plant shifter
  7600 | D        | Noticed a spriggan rider
  7612 | D        | Found Plog's Magic Scroll Emporium.
  7617 | D        | Reached XP level 12. HP: 116/118 MP: 12/12
  7730 | D        | Found Juesch's Antique Weapon Shoppe.
  7734 | D        | Bought a scroll of amnesia for 42 gold pieces
  7752 | D        | Bought an ancient mace for 240 gold pieces
  7752 | D        | Identified the +10 mace "Cefan" {vorpal, rF- Dex+5} (You
                  | bought it in a shop in the Dungeon)
  7836 | D        | Found Xumuv's Book Shoppe.
  7836 | D        | Found Ymomn's Book Shop.
  7838 | D        | Found Bini's Magic Scroll Shoppe.
  7840 | D        | Found Monim's Assorted Antiques.
  7840 | D        | Found Huul's Magic Scroll Emporium.
  7848 | D        | Found Qimpae Synax's Antique Armour Emporium.
  7848 | D        | Found Udoxtug's Book Shop.
  7848 | D        | Found Houttobb's Gadget Boutique.
  7853 | D        | Noticed a shambling mangrove
  7853 | D        | an oklob plant changed into a shambling mangrove
  8045 | D        | Killed a shambling mangrove
  8045 | D        | Reached skill level 1 in Maces & Flails
  8393 | D        | Found Pogezi's Book Emporium.
  8393 | D        | Found Vytzos's Weapon Shop.
  8432 | D        | Bought a wand of enslavement (5) for 91 gold pieces
  8436 | D        | Bought a potion of curing for 57 gold pieces
  8436 | D        | Bought a scroll of blinking for 142 gold pieces
  8436 | D        | Bought a scroll of identify for 38 gold pieces
  8437 | D        | Bought a scroll of immolation for 38 gold pieces
  8627 | D        | Noticed a sun demon
  8950 | D        | Reached skill level 15 in Fighting
  9011 | D        | Bought a box of beasts (3/3) for 260 gold pieces
  9011 | D        | Bought a wand of polymorph (7) for 117 gold pieces
  9012 | D        | Noticed a shambling mangrove
  9012 | D        | an oklob plant changed into a shambling mangrove
  9021 | D        | Killed a shambling mangrove
  9030 | D        | Reached skill level 5 in Maces & Flails
  9054 | D        | Noticed a spriggan defender
  9059 | D        | Noticed a spriggan defender
  9062 | D        | Reached skill level 15 in Shields
  9066 | D        | Killed a spriggan defender
  9067 | D        | Killed a spriggan defender
  9088 | D        | Noticed a spriggan berserker
  9088 | D        | Noticed a spriggan berserker
  9089 | D        | Noticed a death yak
  9094 | D        | Killed a spriggan berserker
  9096 | D        | Killed a spriggan berserker
  9139 | D        | Reached XP level 13. HP: 82/126 MP: 13/13
  9320 | D        | Noticed a spriggan defender
  9328 | D        | Killed a spriggan defender
  9344 | D        | Noticed the Enchantress
  9355 | D        | Killed the Enchantress
  9355 | D        | Reached skill level 15 in Evocations
  9371 | D        | Noticed a ghost moth
  9383 | D        | Killed a ghost moth
  9646 | D        | Reached skill level 10 in Maces & Flails
  9682 | D        | Noticed a spriggan defender
  9683 | D        | Noticed a spriggan defender
  9689 | D        | Killed a spriggan defender
  9690 | D        | Killed a spriggan defender
  9980 | D        | Got the Orb of Zot
 10057 | D        | Noticed a Brimstone Fiend
 10071 | D        | Killed a Brimstone Fiend
 10083 | D        | Noticed Gajapynu the pandemonium lord
 10083 | D        | Noticed a Tzitzimitl
 10086 | D        | Noticed a tentacled monstrosity
 10088 | D        | HP: 6/127 [Tzitzimitl/bolt of negative energy[Gajapynu]
                  | (55)]
 10094 | D        | Killed a Tzitzimitl
 10191 | D        | Noticed Riajeso the pandemonium lord
 10194 | D        | Noticed a quicksilver dragon
 10196 | D        | Noticed a storm dragon
 10209 | D        | Noticed a shadow dragon
 10211 | D        | Noticed a quicksilver dragon
 10229 | D        | Escaped with the Orb!

Illustrated notes

Levels and vault maps discovered:
D:        dungeon_sprint_fedhas [sprint_temple]

Skill      XL: |  1  2  3  4  5  6  7  8  9 10 11 12 13 |
---------------+----------------------------------------+-----
Fighting       | 4 5 6 7 8 9 10 11 12 14 15 | 15.7
Axes           | 3 4 6 7 9 12 14 15 17 18 | 18.5
Armour         | 4 5 6 7 8 10 11 13 14 16 17 18 | 18.3
Shields        | 4 5 6 7 8 9 10 13 15 16 | 16.4
Stealth        | 1 2 |  2.0
Evocations     | 1 2 3 5 6 8 11 13 16 | 16.6
Maces & Flails | 7 11 | 11.2

Action                   |  1- 3 |  4- 6 |  7- 9 | 10-12 | 13-15 || total
-------------------------+-------+-------+-------+-------+-------++-------
Melee: War axe           |    15 |    32 |    78 |    62 |       ||   187
       Broad axe         |       |       |       |    88 |       ||    88
       Mace              |       |       |       |    49 |    44 ||    93
Invok: Potion Petition   |       |       |       |     1 |     4 ||     5
 Abil: Evoke Invisibilit |       |     3 |       |     3 |       ||     6
Evoke: Wand              |       |       |     9 |    33 |     1 ||    43
       Lightning rod     |       |       |     2 |    34 |     8 ||    44
       Box of beasts     |       |       |       |    11 |    18 ||    29
  Use: Scroll            |       |       |     2 |     5 |     2 ||     9
       Potion            |       |       |     4 |     1 |     4 ||     9
 Stab: Invisible         |       |     4 |       |     2 |       ||     6
       Paralysed         |       |       |    13 |       |       ||    13
       Fleeing           |       |       |       |     1 |       ||     1
       Distracted        |       |       |       |       |     2 ||     2
       Sleeping          |       |       |       |       |     1 ||     1
Armor: Scale mail        |     2 |     1 |       |       |       ||     3
       Chain mail        |       |     8 |    19 |    82 |       ||   109
       Acid dragon scale |       |       |       |       |    19 ||    19
Dodge: Dodged            |     4 |     3 |     7 |    48 |    16 ||    78
       Repelled          |       |       |       |    13 |     2 ||    15
Block: Kite shield       |     6 |    11 |    26 |   168 |    25 ||   236
       Reflection        |       |       |       |     9 |       ||     9
       Buckler           |       |       |       |       |    12 ||    12

Table legend: (Time is in decaauts) A = Elapsed time spent in this place. B = Non-inter-level travel time spent in this place. C = Inter-level travel time spent in this place. D = Time resting spent in this place. E = Time spent auto-exploring this place. F = Levels seen in this place. G = Mean time per level. A B C D E F G +--------+--------+--------+--------+--------+-----+--------+ Total | 10177 | 9809 | 368 | 8081 | 0 | 1 | 10177.0 | Dungeon | 10177 | 9809 | 368 | 8081 | 0 | 1 | 10177.0 | +--------+--------+--------+--------+--------+-----+--------+

Top non-repeatable levels by time:
       D: 10177 daAuts
